[Event "ICC tourney 2313 (120 10)"]
[Site "Internet Chess Club"]
[Date "2021.01.16"]
[Round "2"]
[White "aaronfeng"]
[Black "halobeams"]
[Result "1/2-1/2"]
[ICCResult "Game drawn by mutual agreement"]
[WhiteElo "993"]
[BlackElo "1278"]
[Opening "Ruy Lopez: old Steinitz defense"]
[ECO "C62"]
[NIC "RL.02"]
[Time "16:17:47"]
[PlyCount "43"]
[TimeControl "7200+10"]

1. e4 e5 2. Nf3 Nc6 3. Bb5 d6 4. d4 Bd7 5. O-O a6 6. Ba4 b5 7. Bb3 Nf6 8.
Re1 Be7 9. c3 Bg4 10. d5 Na5 11. Bc2 O-O 12. Nbd2 c6 13. b4 Nc4 14. Nxc4
bxc4 15. dxc6 Ne8 16. h3 Bh5 17. Qe2 Nc7 18. a4 Ne6 19. Be3 Bg5 20. Rad1
Bxe3 21. Qxe3 Qe7 22. Rd5 { Game drawn by mutual agreement } 1/2-1/2

[Event "ICC tourney 2313 (120 10)"]
[Site "Internet Chess Club"]
[Date "2021.01.16"]
[Round "2"]
[White "charmingraven"]
[Black "SPBrain"]
[Result "0-1"]
[ICCResult "White checkmated"]
[WhiteElo "926"]
[BlackElo "1342"]
[Opening "Sicilian: closed"]
[ECO "B24"]
[NIC "SI.44"]
[Time "16:17:44"]
[PlyCount "122"]
[TimeControl "7200+10"]

1. e4 c5 2. Nc3 Nc6 3. g3 Nf6 4. Bg2 d6 5. d3 g6 6. Nf3 Bg7 7. Be3 e5 8.
O-O Be6 9. Ng5 O-O 10. Nxe6 fxe6 11. h4 Qd7 12. Bh3 Nd4 13. Bg5 Qf7 14. Re1
Nh5 15. Rf1 a6 16. Na4 b5 17. Nc3 Rae8 18. Bg4 Bf6 19. Bh6 Bg7 20. Bxg7
Nxg7 21. Ne2 h5 22. Bh3 Qf3 23. Nxd4 Qxd1 24. Rfxd1 cxd4 25. a4 Ra8 26. a5
Rac8 27. Rd2 Rc5 28. b4 Rc3 29. Kg2 Rfc8 30. Ra2 Kf7 31. Kf3 Ne8 32. g4
hxg4+ 33. Bxg4 Nf6 34. Bh3 Nh5 35. Bg4 Kf6 36. Bh3 R8c7 37. Bg4 Nf4 38. Kg3
d5 39. exd5 exd5 40. f3 g5 41. hxg5+ Kxg5 42. Rh2 e4 43. dxe4 dxe4 44. Rf2
R7c4 45. Rb2 d3 46. cxd3 Nxd3 47. Be6 Nxb2 48. Rxb2 Rxf3+ 49. Kg2 Rcc3 50.
Kh2 Kf4 51. Re2 e3 52. Bd5 Rf2+ 53. Rxf2+ exf2 54. Bg2 Rc1 55. Kh3 f1=Q 56.
Bxf1 Rxf1 57. Kg2 Rf3 58. Kh2 Rg3 59. Kh1 Kf3 60. Kh2 Kf2 61. Kh1 Rh3# {
White checkmated } 0-1

[Event "ICC tourney 2313 (120 10)"]
[Site "Internet Chess Club"]
[Date "2021.01.16"]
[Round "2"]
[White "maanavshah2005"]
[Black "DrBryanJ"]
[Result "1/2-1/2"]
[ICCResult "Game drawn by mutual agreement"]
[WhiteElo "180"]
[BlackElo "1261"]
[Opening "Four knights: Scotch, 4...exd4"]
[ECO "C47"]
[NIC "KP.06"]
[Time "16:17:36"]
[PlyCount "73"]
[TimeControl "7200+10"]

1. e4 e5 2. Nf3 Nc6 3. Nc3 Nf6 4. d4 exd4 5. Nxd4 Nxd4 6. Qxd4 d6 7. Bg5
Be7 8. h4 h6 9. Bf4 O-O 10. e5 dxe5 11. Bxe5 Qxd4 12. Bxd4 Bf5 13. Bd3 Bxd3
14. cxd3 Rfd8 15. Bxf6 Bxf6 16. Rh3 Rd4 17. Ne4 Re8 18. Rc1 Bd8 19. Re3 Kf8
20. g4 c6 21. Rh3 g6 22. h5 Bg5 23. Rc2 gxh5 24. gxh5 f5 25. Rf3 Kg7 26.
Rxf5 Rxd3 27. f3 Rf8 28. Rxf8 Kxf8 29. Rc3 Rxc3 30. bxc3 Ke7 31. Nc5 b6 32.
Nd3 Ke6 33. Kd1 c5 34. Nf2 Kf5 35. Ne4 Bf6 36. c4 Be5 37. Kd2 { Game drawn
by mutual agreement } 1/2-1/2

[Event "ICC tourney 2313 (120 10)"]
[Site "Internet Chess Club"]
[Date "2021.01.16"]
[Round "2"]
[White "rileygordon"]
[Black "bshesh131"]
[Result "1-0"]
[ICCResult "Black checkmated"]
[WhiteElo "1328"]
[BlackElo "908"]
[Opening "Ruy Lopez: Möller defense"]
[ECO "C78"]
[NIC "RL.12"]
[Time "16:17:41"]
[PlyCount "75"]
[TimeControl "7200+10"]

1. e4 e5 2. Nf3 Nc6 3. Bb5 a6 4. Ba4 Nf6 5. O-O Bc5 6. c3 Nxe4 7. d4 exd4
8. Re1 d5 9. cxd4 Bb6 10. Nc3 O-O 11. Nxe4 dxe4 12. Rxe4 Re8 13. Rxe8+ Qxe8
14. d5 Bg4 15. dxc6 Bxf3 16. gxf3 bxc6 17. Bf4 Rd8 18. Qe1 Qf8 19. Bxc6 g6
20. Bg5 f6 21. Qe6+ Qf7 22. Qxf7+ Kxf7 23. Bf4 Rd4 24. Be3 Rb4 25. Bd5+ Kg7
26. Bxb6 Rb5 27. Bxc7 Rxd5 28. Kf1 Rd2 29. b4 Rb2 30. Bd6 f5 31. Be5+ Kf7
32. Bxb2 h5 33. Ke2 Kg8 34. Ke3 Kh7 35. Kf4 Kh6 36. Rd1 h4 37. Rd8 Kh7 38.
Rh8# { Black checkmated } 1-0

[Event "ICC tourney 2313 (120 10)"]
[Site "Internet Chess Club"]
[Date "2021.01.16"]
[Round "2"]
[White "SMILERG"]
[Black "ivo20"]
[Result "1/2-1/2"]
[ICCResult "Game drawn by repetition"]
[WhiteElo "1247"]
[BlackElo "1381"]
[Opening "Queen's pawn"]
[ECO "A40"]
[NIC "QO.17"]
[Time "16:17:40"]
[PlyCount "153"]
[TimeControl "7200+10"]

1. d4 e6 2. Nf3 h6 3. Bf4 Nc6 4. e3 d5 5. Bd3 Bd6 6. Bg3 Bxg3 7. hxg3 Qe7
8. c3 Bd7 9. Nbd2 O-O-O 10. b4 Nf6 11. a4 Nb8 12. b5 c6 13. Qb3 cxb5 14.
Bxb5 Bxb5 15. Qxb5 Rd6 16. c4 Rb6 17. Qa5 Ne4 18. cxd5 exd5 19. Rc1+ Rc6
20. Rxc6+ bxc6 21. O-O Qc7 22. Qb4 f6 23. Nxe4 dxe4 24. Nd2 f5 25. Rc1 Rd8
26. Nb3 Rd5 27. Nc5 Qb6 28. Qa3 a5 29. Ne6 Qb4 30. Qa2 Kd7 31. Nxg7 Qe7 32.
Nh5 Na6 33. Qc4 Nb4 34. Nf4 Rd6 35. Qc5 Ke8 36. Qxf5 Rf6 37. Qxa5 Nd3 38.
Rb1 Nxf4 39. gxf4 Rd6 40. Qa8+ Kf7 41. Qa5 Kg6 42. f5+ Kf6 43. g4 Kg5 44.
Kh2 Rd5 45. Qe1 Kxg4 46. Qe2+ Kxf5 47. Qh5+ Ke6 48. Qxh6+ Qf6 49. Qh3+ Rf5
50. Rb6 Kd5 51. Kg1 Qf7 52. Qg3 Qe6 53. Ra6 Kc4 54. Qg4 Kb4 55. Rxc6 Rg5
56. Qxg5 Qxc6 57. a5 Qc1+ 58. Kg2 Qd1 59. Qc5+ Ka4 60. Qc6+ Kb4 61. Qxe4
Kxa5 62. Qa8+ Kb5 63. Qb7+ Kc4 64. Qa6+ Kd5 65. Qb5+ Ke6 66. Qe5+ Kf7 67.
d5 Qg4+ 68. Kh1 Qh3+ 69. Qh2 Qf1+ 70. Qg1 Qh3+ 71. Qh2 Qf1+ 72. Qg1 Qh3+
73. Qh2 Qf1+ 74. Qg1 Qh3+ 75. Qh2 Qf1+ 76. Qg1 Qh3+ 77. Qh2 { Game drawn by
repetition } 1/2-1/2

[Event "ICC tourney 2313 (120 10)"]
[Site "Internet Chess Club"]
[Date "2021.01.16"]
[Round "2"]
[White "VirginiaGuy"]
[Black "kevin2010"]
[Result "0-1"]
[ICCResult "White resigns"]
[WhiteElo "1298"]
[BlackElo "1126"]
[Opening "Queen's bishop game"]
[ECO "D02"]
[NIC "QP.08"]
[Time "16:17:36"]
[PlyCount "52"]
[TimeControl "7200+10"]

1. d4 d5 2. Nf3 Nf6 3. Bf4 Bf5 4. e3 e6 5. c4 c6 6. Nc3 Bd6 7. Bg3 Bxg3 8.
hxg3 O-O 9. Nh4 Be4 10. f3 Bf5 11. Nxf5 exf5 12. Bd3 dxc4 13. Bxc4 Qe7 14.
Kf2 Re8 15. Qd3 Nbd7 16. Rae1 Rad8 17. Qxf5 b5 18. Bd3 c5 19. Nxb5 h6 20.
Nc7 Rf8 21. Nd5 Qd6 22. Nxf6+ Nxf6 23. Rd1 cxd4 24. e4 Rfe8 25. Rhe1 Re5
26. Qh3 Rh5 { White resigns } 0-1

[Event "ICC tourney 2313 (120 10)"]
[Site "Internet Chess Club"]
[Date "2021.01.16"]
[Round "2"]
[White "drquinzel"]
[Black "elyfeldman01"]
[Result "0-1"]
[ICCResult "White checkmated"]
[WhiteElo "648"]
[BlackElo "1020"]
[Opening "French defense"]
[ECO "C00"]
[NIC "FR.01"]
[Time "16:18:00"]
[PlyCount "86"]
[TimeControl "7200+10"]

1. e4 e6 2. Nc3 d5 3. exd5 exd5 4. d4 c6 5. Nf3 Bd6 6. Bg5 f6 7. Be3 Ne7 8.
g3 O-O 9. Bg2 Bg4 10. O-O Nd7 11. Re1 Nb6 12. Qd3 Nc4 13. Re2 Nxb2 14. Qd2
Bb4 15. a3 Qa5 16. Bh6 Nf5 17. Qe1 Bxc3 18. Qb1 gxh6 19. Re6 Bxf3 20. Bxf3
Nxd4 21. Re3 Nc4 22. Re7 Nxf3+ 23. Kg2 Ne1+ 24. Kh3 Rab8 25. Ra2 Nxa3 26.
Qd1 d4 27. Rxa3 Qc5 28. Qg4+ Qg5 29. Qe6+ Kh8 30. Qe4 Qh5+ 31. Qh4 Qxh4+
32. Kxh4 Rfe8 33. Rf7 Rf8 34. Rd7 Nxc2 35. Rxa7 Rfd8 36. Rf7 d3 37. Kh5 Kg8
38. Rxf6 Bxf6 39. Kxh6 d2 40. Ra4 d1=Q 41. f4 Bg7+ 42. Kg5 Rd5+ 43. Kh4
Rh5# { White checkmated } 0-1

[Event "ICC tourney 2313 (120 10)"]
[Site "Internet Chess Club"]
[Date "2021.01.16"]
[Round "2"]
[White "itg"]
[Black "MichaelLiu"]
[Result "1/2-1/2"]
[ICCResult "Black stalemated"]
[WhiteElo "881"]
[BlackElo "1164"]
[Opening "French: advance, Nimzovich system"]
[ECO "C02"]
[NIC "FR.03"]
[Time "16:17:38"]
[PlyCount "127"]
[TimeControl "7200+10"]

1. e4 e6 2. d4 d5 3. e5 c5 4. Nf3 Nc6 5. Bb5 a6 6. Ba4 b5 7. c4 bxa4 8.
Qxa4 Qa5+ 9. Qxa5 Nxa5 10. cxd5 exd5 11. Nc3 Bb7 12. Be3 cxd4 13. Bxd4 Bb4
14. e6 Nf6 15. Ng5 fxe6 16. Nxe6 Kd7 17. Nxg7 Bxc3+ 18. Bxc3 Rhg8 19. Bxf6
Raf8 20. Bc3 Nc6 21. O-O-O Kc8 22. Rxd5 Kb8 23. f3 Nb4 24. Bxb4 Bxd5 25.
Bxf8 Rxf8 26. a3 Rg8 27. Rd1 Rxg7 28. Rxd5 Rxg2 29. Rd8+ Kc7 30. Rd2 Rg6
31. f4 Rf6 32. Rf2 Kd6 33. b4 Kc6 34. Kc2 Kb5 35. Kb3 Re6 36. a4+ Kb6 37.
Rf3 a5 38. f5 Rf6 39. bxa5+ Kxa5 40. Ka3 h5 41. h4 Kb6 42. Kb4 Ka6 43. a5
Ka7 44. Kb5 Kb7 45. Kc5 Kc7 46. Kd5 Kd7 47. a6 Rxa6 48. f6 Ke8 49. f7+ Kf8
50. Ke5 Ra4 51. Rf6 Ra5+ 52. Kf4 Ra7 53. Kg5 Rxf7 54. Rxf7+ Kxf7 55. Kxh5
Kg8 56. Kh6 Kh8 57. Kg6 Kg8 58. h5 Kh8 59. Kg5 Kg7 60. h6+ Kh7 61. Kh5 Kh8
62. Kg5 Kg8 63. Kg6 Kh8 64. h7 { Black stalemated } 1/2-1/2

[Event "ICC tourney 2313 (120 10)"]
[Site "Internet Chess Club"]
[Date "2021.01.16"]
[Round "2"]
[White "MatthewDiao"]
[Black "andrewhhu"]
[Result "1-0"]
[ICCResult "Black checkmated"]
[WhiteElo "1256"]
[BlackElo "965"]
[Opening "QGD: 3...Nf6"]
[ECO "D35"]
[NIC "QO.16"]
[Time "16:17:50"]
[PlyCount "81"]
[TimeControl "7200+10"]

1. d4 d5 2. c4 e6 3. Nc3 Nf6 4. a3 c5 5. e3 Nc6 6. Nf3 Be7 7. Be2 O-O 8. b3
b6 9. Bb2 Bb7 10. O-O Qc7 11. Rc1 Rad8 12. Bd3 Rfe8 13. h3 h6 14. Qc2 Ba6
15. Rfd1 dxc4 16. bxc4 cxd4 17. exd4 Na5 18. Ne2 Rc8 19. Nd2 Qc6 20. Ng3
Bb7 21. Nge4 Nh5 22. Nf3 Nf4 23. Ne5 Qc7 24. Qd2 Nxd3 25. Qxd3 f6 26. Ng6
f5 27. Nxe7+ Rxe7 28. Nd2 Rd8 29. Nb3 Nxb3 30. Qxb3 Red7 31. Qe3 Re8 32.
Qe2 Qc6 33. d5 Qd6 34. dxe6 Qc6 35. f3 Rxe6 36. Qc2 Rxd1+ 37. Rxd1 Qc5+ 38.
Bd4 Qxa3 39. Qxf5 Rd6 40. Qe5 a6 41. Qxg7# { Black checkmated } 1-0

[Event "ICC tourney 2313 (120 10)"]
[Site "Internet Chess Club"]
[Date "2021.01.16"]
[Round "2"]
[White "bryantan2010"]
[Black "DanielGuan"]
[Result "1/2-1/2"]
[ICCResult "Game drawn by mutual agreement"]
[WhiteElo "1138"]
[BlackElo "1291"]
[Opening "Sicilian defense"]
[ECO "B20"]
[NIC "SI.48"]
[Time "16:17:36"]
[PlyCount "115"]
[TimeControl "7200+10"]

1. e4 c5 2. b3 Nc6 3. Bb2 e6 4. Nf3 Nf6 5. Nc3 d5 6. e5 Nd7 7. Bb5 Qc7 8.
Bxc6 bxc6 9. Qe2 Be7 10. O-O O-O 11. Na4 Rb8 12. Ba3 Re8 13. Rfe1 Qa5 14.
d4 Ba6 15. Qd1 cxd4 16. Bxe7 Rxe7 17. Qxd4 c5 18. Qc3 Qxc3 19. Nxc3 Nf8 20.
Nd2 Rc7 21. f4 c4 22. Rac1 cxb3 23. cxb3 Rbc8 24. Ne2 Rxc1 25. Rxc1 Rxc1+
26. Nxc1 Ng6 27. g3 Kf8 28. Kf2 Ke7 29. Ne2 Kd7 30. Nd4 Ne7 31. Ke3 Nc6 32.
a4 Nxd4 33. Kxd4 Kc6 34. b4 Be2 35. Nb3 Bd1 36. Nc5 Be2 37. Nd3 Bxd3 38.
Kxd3 h5 39. h3 a6 40. Kd4 g6 41. h4 Kb6 42. Kd3 a5 43. Kc3 Ka6 44. b5+ Kb7
45. Kd3 Kc7 46. Kd4 Kb6 47. Kd3 Kc7 48. Ke3 Kb6 49. Kf3 Kc5 50. Ke3 Kb6 51.
Kd4 Kc7 52. Kc5 Kb7 53. b6 d4 54. Kxd4 Kxb6 55. Kd3 Kc5 56. Kc3 Kd5 57. Kd3
Kc5 58. Kc3 { Game drawn by mutual agreement } 1/2-1/2

[Event "ICC tourney 2313 (120 10)"]
[Site "Internet Chess Club"]
[Date "2021.01.16"]
[Round "2"]
[White "prostripe"]
[Black "siddharthbose"]
[Result "0-1"]
[ICCResult "White checkmated"]
[WhiteElo "1344"]
[BlackElo "1232"]
[Opening "Queen's pawn: London system"]
[ECO "A45"]
[NIC "QP.05"]
[Time "16:18:10"]
[PlyCount "68"]
[TimeControl "7200+10"]

1. d4 Nf6 2. Bf4 e6 3. Nf3 d5 4. Nbd2 Be7 5. e3 O-O 6. Bd3 Nbd7 7. O-O b6
8. c4 Bb7 9. Qc2 h6 10. Rac1 c5 11. Ne5 Rc8 12. Qa4 cxd4 13. Nxd7 Nxd7 14.
exd4 dxc4 15. Rxc4 Rxc4 16. Bxc4 a5 17. Qb3 Nf6 18. Qe3 b5 19. Bxb5 Qd5 20.
Qg3 Nh5 21. Bc4 Qxd4 22. Qe3 Qxf4 23. Qe2 Qg5 24. Nf3 Bxf3 25. Qxf3 Qf5 26.
Qb7 Bd6 27. Qc6 Qc5 28. Qe4 Qe5 29. Qh4 Rc8 30. b3 Qg5 31. Qh3 Nf4 32. Qf3
Qh5 33. Qe3 Ne2+ 34. Bxe2 Qxh2# { White checkmated } 0-1

[Event "ICC tourney 2313 (120 10)"]
[Site "Internet Chess Club"]
[Date "2021.01.16"]
[Round "2"]
[White "tcquinlan"]
[Black "traycon"]
[Result "0-1"]
[ICCResult "White resigns"]
[WhiteElo "1060"]
[BlackElo "853"]
[Opening "French: Winawer (Nimzovich) variation"]
[ECO "C15"]
[NIC "FR.08"]
[Time "16:17:43"]
[PlyCount "74"]
[TimeControl "7200+10"]

1. e4 e6 2. d4 d5 3. Nc3 Bb4 4. exd5 Bxc3+ 5. bxc3 Qxd5 6. c4 Qe4+ 7. Be2
Nc6 8. Nf3 Nf6 9. O-O Nb4 10. h3 O-O 11. a3 Na6 12. Bd3 Qc6 13. Ne5 Qe8 14.
Bg5 Nd7 15. Qh5 g6 16. Qh6 f5 17. Rae1 Nxe5 18. dxe5 Nc5 19. Bf6 Rxf6 20.
exf6 Qf7 21. Qh4 Nxd3 22. cxd3 a5 23. g4 Ra6 24. g5 Rb6 25. Rb1 Rd6 26. d4
b6 27. Rfe1 Rd7 28. Re5 Bb7 29. c5 Be4 30. Rd1 Rd5 31. cxb6 cxb6 32. Rc1
Rd8 33. Qh6 Qf8 34. Qh4 Qxa3 35. Rc7 Qa1+ 36. Kh2 Qh1+ 37. Kg3 Qg2+ { White
resigns } 0-1

[Event "ICC tourney 2313 (120 10)"]
[Site "Internet Chess Club"]
[Date "2021.01.16"]
[Round "2"]
[White "chess278"]
[Black "chessrdu20"]
[Result "1-0"]
[ICCResult "Black checkmated"]
[WhiteElo "1287"]
[BlackElo "1137"]
[Opening "Queen's pawn game, Chigorin variation"]
[ECO "A04"]
[NIC "QP.11"]
[Time "16:17:48"]
[PlyCount "69"]
[TimeControl "7200+10"]

1. Nf3 Nc6 2. d4 d5 3. b3 Bf5 4. Ba3 Nf6 5. e3 a6 6. Nbd2 e6 7. Bxf8 Rxf8
8. a3 Qd6 9. Be2 h6 10. O-O g5 11. c4 O-O-O 12. c5 Qe7 13. b4 Na7 14. Qa4
c6 15. Ne5 Qc7 16. Rfc1 Kb8 17. Qb3 Nd7 18. Nxd7+ Qxd7 19. a4 Rc8 20. b5
cxb5 21. axb5 Nxb5 22. Ra5 Qc6 23. Bxb5 axb5 24. Rxb5 Qa6 25. Rb6 Qa7 26.
Qb2 Kc7 27. Ra1 Qb8 28. c6 Kd8 29. Rxb7 Qd6 30. Rd7+ Qxd7 31. cxd7 Kxd7 32.
Ra7+ Kd6 33. Qb4+ Kc6 34. Qb7+ Kd6 35. Qd7# { Black checkmated } 1-0

[Event "ICC tourney 2313 (120 10)"]
[Site "Internet Chess Club"]
[Date "2021.01.17"]
[Round "3"]
[White "kittypuppy"]
[Black "grantwey"]
[Result "1-0"]
[ICCResult "Black resigns"]
[WhiteElo "1058"]
[BlackElo "429"]
[Opening "Queen's gambit accepted"]
[ECO "D20"]
[NIC "QG.03"]
[Time "11:04:08"]
[PlyCount "81"]
[TimeControl "7200+10"]

1. d4 d5 2. c4 dxc4 3. Nc3 c5 4. dxc5 e6 5. Qxd8+ Kxd8 6. Bf4 Bxc5 7. e3
Nf6 8. Nf3 Nc6 9. Bxc4 Nb4 10. O-O Ke8 11. a3 Nc6 12. Bb5 a6 13. Ba4 b5 14.
Bb3 Bb7 15. Rad1 Na5 16. Nd2 Nxb3 17. Nxb3 Be7 18. Rd2 b4 19. axb4 Bxb4 20.
Rc2 Ne4 21. Nxe4 Bxe4 22. Rc7 Bd5 23. Rfc1 Rd8 24. Nd4 Ba5 25. Ra7 Bd2 26.
Rd1 Rc8 27. h3 Bb4 28. Rxa6 Bb7 29. Rb6 Bd5 30. Rxb4 f6 31. Nb5 Rb8 32.
Nd6+ Kd7 33. Rxb8 Rxb8 34. Nc4 e5 35. Rxd5+ Kc6 36. Bxe5 fxe5 37. Rxe5 Rb4
38. Re4 Kb5 39. Nd6+ Kc5 40. Rxb4 Kxb4 41. Kh2 { Black resigns } 1-0

[Event "ICC tourney 2313 (120 10)"]
[Site "Internet Chess Club"]
[Date "2021.01.17"]
[Round "3"]
[White "chessrdu20"]
[Black "Anichess2009"]
[Result "1-0"]
[ICCResult "Black resigns"]
[WhiteElo "1137"]
[BlackElo "843"]
[Opening "King's pawn opening"]
[ECO "B07"]
[NIC "VO.17"]
[Time "11:04:10"]
[PlyCount "43"]
[TimeControl "7200+10"]

1. e4 d6 2. Nc3 Nf6 3. Bc4 g6 4. Nf3 Bg7 5. h3 Nc6 6. d4 e5 7. dxe5 dxe5 8.
Qxd8+ Kxd8 9. Bxf7 Nd4 10. Bb3 Nxf3+ 11. gxf3 b6 12. f4 exf4 13. Bxf4 Bb7
14. O-O-O+ Kc8 15. f3 Nh5 16. Be6+ Kb8 17. Bh2 Bc6 18. Nd5 Bh6+ 19. Kb1 Kb7
20. Nb4 Rhe8 21. Bb3 Rf8 22. Nxc6 { Black resigns } 1-0

[Event "ICC tourney 2313 (120 10)"]
[Site "Internet Chess Club"]
[Date "2021.01.17"]
[Round "3"]
[White "cappyal"]
[Black "VirginiaGuy"]
[Result "0-1"]
[ICCResult "White resigns"]
[WhiteElo "624"]
[BlackElo "1298"]
[Opening "Caro-Kann defense"]
[ECO "B11"]
[NIC "CK.01"]
[Time "11:04:09"]
[PlyCount "70"]
[TimeControl "7200+10"]

1. e4 c6 2. Nc3 d5 3. exd5 cxd5 4. d4 Bf5 5. Nf3 Nf6 6. Bf4 e6 7. Nb5 Na6
8. Nc3 Bd6 9. Bxd6 Qxd6 10. Bb5+ Ke7 11. O-O Nc7 12. Re1 Nxb5 13. Nxb5 Qb6
14. Qe2 a6 15. Na3 Qxb2 16. Qe3 Qb6 17. Nh4 Bg6 18. Nxg6+ hxg6 19. h3 Rab8
20. c4 Rhc8 21. cxd5 Nxd5 22. Qe5 Qd6 23. Qxd6+ Kxd6 24. Rec1 Rxc1+ 25.
Rxc1 b5 26. Rb1 Rc8 27. Rb2 Rc1+ 28. Kh2 b4 29. Nc2 a5 30. a3 b3 31. Ne3 a4
32. Kg3 Ra1 33. Nc4+ Ke7 34. Kf3 Ra2 35. Ke2 Nb6 { White resigns } 0-1

[Event "ICC tourney 2313 (120 10)"]
[Site "Internet Chess Club"]
[Date "2021.01.17"]
[Round "3"]
[White "albertyang"]
[Black "tcquinlan"]
[Result "0-1"]
[ICCResult "White resigns"]
[WhiteElo "706"]
[BlackElo "1060"]
[Opening "Scotch gambit: Benima defense"]
[ECO "C44"]
[NIC "SO.06"]
[Time "11:04:12"]
[PlyCount "92"]
[TimeControl "7200+10"]

1. e4 e5 2. Nf3 Nc6 3. d4 exd4 4. Bc4 Be7 5. O-O d6 6. Nxd4 Nf6 7. Nc3 O-O
8. Bg5 Ne5 9. Bb3 h6 10. Qd2 c5 11. Nf3 Nxf3+ 12. gxf3 hxg5 13. Qxg5 Nxe4
14. Qg2 Ng5 15. Kh1 Bh3 16. Qg3 Bxf1 17. Rxf1 a6 18. Rg1 b5 19. f4 c4 20.
fxg5 cxb3 21. cxb3 g6 22. h4 d5 23. h5 d4 24. Ne2 Qd5+ 25. Rg2 Bd6 26. Qg4
Be5 27. f4 Bc7 28. f5 gxh5 29. Qxh5 Qxf5 30. Nxd4 Qg6 31. Qh4 Qh7 32. Qxh7+
Kxh7 33. Nf5 Rh8 34. Kg1 Bb6+ 35. Kf1 Kg6 36. Ne7+ Kg7 37. Nd5 Rh1+ 38. Ke2
Re8+ 39. Kf3 Rf1+ 40. Kg3 Re5 41. Nxb6 Rxg5+ 42. Kh3 Rh1+ 43. Rh2 Rh5+ 44.
Kg3 R5xh2 45. a4 Rxb2 46. axb5 axb5 { White resigns } 0-1

[Event "ICC tourney 2313 (120 10)"]
[Site "Internet Chess Club"]
[Date "2021.01.17"]
[Round "3"]
[White "andrewhhu"]
[Black "prostripe"]
[Result "1-0"]
[ICCResult "Black resigns"]
[WhiteElo "965"]
[BlackElo "1344"]
[Opening "Caro-Kann: exchange variation"]
[ECO "B13"]
[NIC "CK.02"]
[Time "11:04:06"]
[PlyCount "61"]
[TimeControl "7200+10"]

1. e4 c6 2. d4 d5 3. exd5 cxd5 4. Nc3 e6 5. Nf3 Nc6 6. Bd3 Nf6 7. O-O Be7
8. Re1 O-O 9. Bf4 Nb4 10. h3 Nxd3 11. Qxd3 Nh5 12. Bh2 a6 13. Re5 g6 14.
Rae1 Bf6 15. R5e3 Qb6 16. Na4 Qc6 17. b3 Bd7 18. Ne5 Bxe5 19. Rxe5 Rac8 20.
c3 Ng7 21. Nc5 Nf5 22. Nxd7 Qxd7 23. c4 dxc4 24. bxc4 Qa4 25. Bf4 Qxc4 26.
Qf3 Nxd4 27. Qd1 Qc2 28. Qxd4 Qxa2 29. Bh6 Rfd8 30. Qf4 Rd7 31. Qf6 { Black
resigns } 1-0

[Event "ICC tourney 2313 (120 10)"]
[Site "Internet Chess Club"]
[Date "2021.01.17"]
[Round "3"]
[White "vihaan2011"]
[Black "chessbud"]
[Result "1-0"]
[ICCResult "Black checkmated"]
[WhiteElo "1307"]
[BlackElo "1251"]
[Opening "Giuoco Piano"]
[ECO "C50"]
[NIC "IG.02"]
[Time "11:04:03"]
[PlyCount "97"]
[TimeControl "7200+10"]

1. e4 e5 2. Nf3 Nc6 3. Bc4 Bc5 4. Nc3 d6 5. h3 Nge7 6. Ng5 O-O 7. Qh5 h6 8.
Nxf7 Rxf7 9. Qxf7+ Kh8 10. g4 Qg8 11. Qxg8+ Nxg8 12. Bxg8 Kxg8 13. Nd5 Bd7
14. c3 Rf8 15. f4 exf4 16. d4 Bb6 17. Nxb6 axb6 18. O-O g5 19. Kh2 Ne7 20.
Bd2 Bb5 21. Rf3 Be2 22. Rf2 f3 23. h4 gxh4 24. Bxh6 Rf6 25. Bg5 Rg6 26.
Bxe7 Rxg4 27. Rg1 Rxg1 28. Kxg1 Kf7 29. Bxh4 Ke6 30. Rxe2 fxe2 31. Kf2 d5
32. exd5+ Kxd5 33. Kxe2 c5 34. dxc5 bxc5 35. Be7 c4 36. b3 b5 37. bxc4+
Kxc4 38. Bb4 Kd5 39. Kd3 Kc6 40. Kd4 Kb6 41. c4 Ka6 42. c5 Kb7 43. Kd5 Kc7
44. c6 Kd8 45. Kd6 Kc8 46. c7 Kb7 47. Kd7 Kb6 48. c8=Q Ka7 49. Bc5# { Black
checkmated } 1-0

[Event "ICC tourney 2313 (120 10)"]
[Site "Internet Chess Club"]
[Date "2021.01.17"]
[Round "3"]
[White "halobeams"]
[Black "maanavshah2005"]
[Result "1-0"]
[ICCResult "Black resigns"]
[WhiteElo "1278"]
[BlackElo "180"]
[Opening "Giuoco Piano"]
[ECO "C54"]
[NIC "IG.02"]
[Time "11:04:10"]
[PlyCount "86"]
[TimeControl "7200+10"]

1. e4 e5 2. Nf3 Nc6 3. Bc4 Bc5 4. c3 Nf6 5. d3 d6 6. Bg5 h6 7. Bh4 g5 8.
Bg3 O-O 9. h3 Na5 10. Nbd2 Nxc4 11. Nxc4 Be6 12. Ncd2 a5 13. Bh2 Re8 14. g4
a4 15. a3 b5 16. Nf1 c6 17. Ng3 Bb3 18. Qd2 Bb6 19. Nf5 Kh7 20. Nxg5+ Kg8
21. Nf3 Re6 22. Qxh6 Ne8 23. Qd2 Rg6 24. Ke2 Qf6 25. g5 Qd8 26. Rag1 Be6
27. Nh6+ Kh8 28. h4 Qe7 29. h5 Rg7 30. Nf5 Bxf5 31. exf5 f6 32. g6 d5 33.
Qh6+ Kg8 34. Qd2 e4 35. Nh4 exd3+ 36. Kf1 Qe4 37. Bg3 Rd7 38. h6 Nd6 39.
h7+ Kg7 40. Bxd6 Rxd6 41. Ng2 Rd7 42. Qh6+ Kh8 43. g7+ Rxg7 { Black resigns
} 1-0

[Event "ICC tourney 2313 (120 10)"]
[Site "Internet Chess Club"]
[Date "2021.01.17"]
[Round "3"]
[White "SPBrain"]
[Black "greatodda"]
[Result "1-0"]
[ICCResult "Black resigns"]
[WhiteElo "1342"]
[BlackElo "1022"]
[Opening "Sicilian: Grand Prix attack"]
[ECO "B23"]
[NIC "SI.44"]
[Time "11:04:06"]
[PlyCount "109"]
[TimeControl "7200+10"]

1. e4 c5 2. Nc3 Nc6 3. f4 d6 4. d3 g6 5. Nf3 Bg7 6. Be2 e5 7. h3 Nge7 8.
O-O Nd4 9. fxe5 Nxf3+ 10. Rxf3 Bxe5 11. Bg5 O-O 12. Nd5 Re8 13. Bxe7 Rxe7
14. Nxe7+ Qxe7 15. Rf1 Bxb2 16. Rb1 Bd4+ 17. Kh1 b6 18. Bg4 Be6 19. c4 Re8
20. Qf3 Bxg4 21. Qxg4 h5 22. Qe2 Kg7 23. Rf3 Qh4 24. Rbf1 f5 25. Qe1 Qe7
26. Qd2 fxe4 27. Rf7+ Qxf7 28. Rxf7+ Kxf7 29. Qf4+ Kg7 30. dxe4 Rf8 31.
Qxd6 Rf1+ 32. Kh2 Be3 33. Qc7+ Kh6 34. Kg3 Bf4+ 35. Qxf4+ Rxf4 36. Kxf4 Kg7
37. Ke5 Kf7 38. Kd6 Kf6 39. e5+ Kf7 40. Kd7 g5 41. e6+ Kf6 42. e7 g4 43.
hxg4 hxg4 44. e8=Q Kg5 45. Qg8+ Kf4 46. Kc6 Kg3 47. Kb7 Kxg2 48. Qxg4+ Kf2
49. Qe4 a5 50. a4 Kg3 51. Kc7 b5 52. cxb5 c4 53. Qxc4 Kf3 54. b6 Ke3 55. b7
{ Black resigns } 1-0

[Event "ICC tourney 2313 (120 10)"]
[Site "Internet Chess Club"]
[Date "2021.01.17"]
[Round "3"]
[White "ivo20"]
[Black "bryantan2010"]
[Result "1-0"]
[ICCResult "Black resigns"]
[WhiteElo "1381"]
[BlackElo "1138"]
[Opening "Pirc: Byrne variation"]
[ECO "B07"]
[NIC "PU.09"]
[Time "11:04:27"]
[PlyCount "57"]
[TimeControl "7200+10"]

1. e4 d6 2. d4 Nf6 3. Nc3 g6 4. Bg5 Bg7 5. Bc4 c6 6. h3 b5 7. Bd3 O-O 8.
Nf3 Nbd7 9. Qd2 e5 10. Bh6 exd4 11. Nxd4 Ne5 12. Bxg7 Kxg7 13. f4 Nxd3+ 14.
cxd3 Qb6 15. Qe3 Re8 16. O-O-O Kg8 17. h4 a5 18. Nc2 c5 19. Qg3 Kh8 20. Nd5
Nxd5 21. exd5 h5 22. Qg5 Bg4 23. Rde1 b4 24. Ne3 Qa6 25. Nxg4 hxg4 26. h5
Rxe1+ 27. Rxe1 Qxd3 28. Qf6+ Kh7 29. hxg6+ { Black resigns } 1-0